 Dungeon Crawl Stone Soup version 0.32-a0-799-g95e1662365 (webtiles) character file.

Game seed: 6333883792345998736

2179 cforsyth the Chopper (level 9, 0/75 (78) HPs)
             Began as a Mountain Dwarf Cinder Acolyte on Mar 22, 2024.
             Was a High Priest of Ignis.
             Slain by a hornet (5 damage)
             ... on level 8 of the Dungeon.
             The game lasted 00:11:07 (8613 turns).

cforsyth the Chopper (MDCA)                         Turns: 8613, Time: 00:11:08

HP:   0/75 (78)     AC: 12    Str: 21    XL:     9   Next: 11%
MP:   2/15          EV:  7    Int: 15    God:    Ignis [*****.]
Gold: 64            SH:  0    Dex:  5    Spells: 14/16 levels left

rFire   + . .        v - +1 war axe of Lilou {pain, rCorr}
rCold   . . .        (no shield)
rNeg    . . .        e - +0 chain mail
rPois   .            b - +0 helmet
rElec   .            n - +0 cloak
rCorr   +            (no gloves)
SInv    .            (no boots)
Will    .....        (no amulet) Stlth
                     (no ring)
HPRegen 0.32/turn    (no ring)
MPRegen 0.14/turn

%: no passive effects
@: lethally poisoned (0 -> -3), about to teleport, lightly drained
A: runic magic, artefact enchanting
a: Renounce Religion, Fiery Armour, Foxfire Swarm, Rising Flame


You were on level 8 of the Dungeon.
You worshipped Ignis.
Ignis was extremely pleased with you.
You visited 1 branch of the dungeon, and saw 8 of its levels.

You collected 381 gold pieces.
You spent 317 gold pieces at shops.


Innate Abilities, Weirdness & Mutations

Your spellcasting is much less encumbered by armour.
You can use scrolls of enchantment on lesser artefacts.


   Skills:
 + Level 6.7 Fighting
 + Level 7.4 Axes
 + Level 5.7 Armour
 + Level 4.4 Spellcasting
 + Level 7.4 Fire Magic


You had 14 spell levels left.
You knew the following spells:

 Your Spells              Type           Power      Damage    Failure   Level
X - Scorch                Fire           50%        2d7       1%          2

Your spell library contained the following spells:

 Spells                   Type           Power      Damage    Failure   Level
 Magic Dart               Conj           12%        1d3       26%         1
 Blink                    Tloc           6%         N/A       38%         2
 Call Imp                 Summ           6%         N/A       38%         2

Inventory:

Hand Weapons
 a - a -1 hand axe of flaming
 v - the +1 war axe of Lilou (weapon) {pain, rCorr}
   (You bought it in a shop on level 6 of the Dungeon)

   rCorr:     It protects you from acid and corrosion.
Missiles
 y - 2 throwing nets {=f}
Armour
 b - a +0 helmet (worn)
 e - a +0 chain mail (worn)
 n - a +0 cloak (worn)
Wands
 t - a wand of acid (10)
Scrolls
 c - 2 scrolls of vulnerability {unknown}
 d - 2 scrolls of blinking {unknown}
 f - a scroll of fear {unknown}
 g - 2 scrolls of immolation {unknown}
 i - 2 scrolls of poison {unknown}
 j - 9 scrolls of identify {@r1}
 o - a scroll of fog {unknown}
 r - 2 scrolls of revelation {unknown}
 s - a scroll of acquirement {unknown}
Potions
 h - 3 potions of enlightenment {unknown}
 k - 2 potions of curing {@q1}
 l - 2 potions of ambrosia {unknown}
 m - a potion of invisibility {unknown}
 p - a potion of might {unknown}
 q - 4 potions of degeneration {unknown}
 u - 2 potions of haste {@q3}
 w - a potion of attraction {unknown}

Dungeon Overview and Level Annotations

Branches:
Dungeon (8/15)             Temple (0/1) D:4
   Lair: D:8-11

Altars:
Cheibriados
Elyvilon
Nemelex Xobeh
Ru
Vehumet
Zin

Shops:
D:2 (   D:5 *   D:6 !(?((

Annotations:
D:8 Joseph

#.P..⚑..P..#
...P.....P..# .
...P.PPP.P.. ..
...........##...
...PPPPPPP..(.
............#
............#.#.
.......zy.).....
.......@zz......
.................. .....
..............@... .....
.................z .....
.................. .....
...........###.... ...#
..........#.#...!.#.^.#.
.##..........#..........
.......<.....


You could see Joseph, a hornet and 3 wights.


Message History

* * * LOW HITPOINT WARNING * * *
The hornet stings you but does no damage.
You can move again.
Unknown command.
Unknown command.
Unknown command.
Unknown command.
Unknown command.
Unknown command.
As you read the scroll of teleportation {@r2}, it crumbles to dust.
You feel strangely unstable.
You feel sick.
The wight hits you with a +0 short sword.
* * * LOW HITPOINT WARNING * * *
You feel drained.
* * * LOW HITPOINT WARNING * * *
The wight hits you with a +2 battleaxe.
* * * LOW HITPOINT WARNING * * *
The wight hits you from afar with a +3 spear!
* * * LOW HITPOINT WARNING * * *
You feel drained.
* * * LOW HITPOINT WARNING * * *
The hornet barely misses you.
Joseph shoots a sling bullet.
The sling bullet hits you but does no damage.
Unknown command.
Unknown command.
Unknown command.
You feel sick. The wight attacks as it pursues you!
The wight hits you but does no damage. The hornet stings you.
You die...
Ignis goes out, and joins you in death.

Skill      XL: |  1  2  3  4  5  6  7  8 |
---------------+-------------------------+-----
Armour         | 1 2 3 4 5 |  5.7
Axes           | 4 5 6 7 |  7.4
Fire Magic     | 4 5 6 7 |  7.4
Fighting       | 4 5 6 |  6.7
Spellcasting   | 2 3 4 |  4.4

Action                     |  1- 3 |  4- 6 |  7- 9 || total
---------------------------+-------+-------+-------++-------
  Melee: Hand axe          |   107 |    80 |     9 ||   196
         War axe           |       |       |    24 ||    24
   Cast: Scorch            |    19 |    69 |    90 ||   178
    Use: Scroll            |       |     2 |     2 ||     4
         Potion            |       |     1 |       ||     1
 Armour: Robe              |    67 |     7 |       ||    74
         Leather armour    |       |    55 |       ||    55
         Chain mail        |       |    22 |   119 ||   141
  Dodge: Dodged            |    48 |    71 |    30 ||   149

Levels and vault maps discovered:
D:1:      dpeg_arrival_rooms_a, layout_basic, wad_floor_pattern_untrapped,
          minmay_lizard_pond
D:2:      layout_basic, serial_shops, shop, reono_crystal_passage
D:3:      layout_loops_cross, overflow_temple_1_default, st_stairs_3,
          kennysheep_donut, chequers_serial_rivers_small_b,
          kennysheep_cross_room, kennysheep_pointless_box,
          minmay_misc_feat_ornament
D:4:      layout_cave_pods, minmay_temple_entry_slanted, nzn_random_ring
D:5:      layout_loops_ring, zin_purify,
          mainiacjoe_overflow_concentric_impassable,
          mainiacjoe_overflow_tiny_flanked, nicolae_ru_great_annihilating_truth,
          nicolae_kite_square_tiling_tiny, chequers_serial_rivers_small_3,
          kennysheep_potato, uniq_grinder
D:6:      layout_basic, serial_shops, nicolae_square_shop, kennysheep_mini,
          nicolae_shop_hallway_plus, shop, shop
D:7:      layout_cave_pools, serial_co_window_serial, co_window_paths_a,
          co_window_paths_b, co_window_cross_1, co_window_corner_a,
          co_window_corner_a, co_window_paths_a, co_window_corner_a,
          co_window_unsneaky_path_e, co_window_2corner, co_window_cross_2,
          co_window_paths_c, co_window_4corner_a, glass_columns_c
D:8:      layout_cave_pools, mainiacjoe_overflow_cross_hatched, uniq_joseph

Notes
Turn   | Place    | Note
-------+----------+-------------------------------------------
     0 | D:1      | cforsyth the Mountain Dwarf Cinder Acolyte began the quest
                  | for the Orb.
     0 | D:1      | Reached XP level 1. HP: 19/19 MP: 2/2
    76 | D:1      | Reached XP level 2. HP: 10/26 MP: 3/3
   596 | D:1      | Reached skill level 1 in Armour
   791 | D:2      | Learned a level 2 spell: Scorch
   853 | D:2      | Reached skill level 4 in Axes
   907 | D:2      | Reached XP level 3. HP: 30/31 MP: 1/5
   969 | D:2      | Reached skill level 4 in Fire Magic
  1320 | D:2      | Found Kompauj's Antique Weapon Emporium.
  2126 | D:2      | Reached XP level 4. HP: 6/40 MP: 1/6
  2737 | D:3      | Identified the +3 leather armour "Qod Zozo" {Will+ MP+9
                  | Int-4 Dex+3}
  2792 | D:3      | Found a radiant altar of Vehumet.
  3120 | D:4      | Found a staircase to the Ecumenical Temple.
  3796 | D:4      | Reached skill level 2 in Armour
  3849 | D:4      | Noticed a bullfrog
  3850 | D:4      | Reached skill level 4 in Fighting
  3850 | D:4      | Reached XP level 5. HP: 44/46 MP: 5/7
  3876 | D:4      | Noticed a phantom
  3878 | D:4      | Reached skill level 2 in Spellcasting
  4073 | D:4      | Killed a phantom
  4074 | D:4      | Reached XP level 6. HP: 38/53 MP: 9/9
  4081 | D:4      | Reached skill level 5 in Axes
  4381 | D:5      | Entered Level 5 of the Dungeon
  4390 | D:5      | Reached skill level 3 in Armour
  4390 | D:5      | Reached skill level 5 in Fire Magic
  4393 | D:5      | Found a sparkling altar of Nemelex Xobeh.
  4769 | D:5      | Found a sacrificial altar of Ru.
  4928 | D:5      | Found Zin's Purification Station.
  4934 | D:5      | Found a glowing silver altar of Zin.
  5040 | D:5      | Noticed Grinder
  5057 | D:5      | Paralysed by Grinder for 3 turns
  5063 | D:5      | Killed Grinder
  5064 | D:5      | Reached skill level 5 in Fighting
  5064 | D:5      | Reached skill level 3 in Spellcasting
  5064 | D:5      | Reached XP level 7. HP: 49/61 MP: 1/11
  5163 | D:5      | Found a white marble altar of Elyvilon.
  5639 | D:5      | Reached skill level 4 in Armour
  6185 | D:6      | Reached skill level 6 in Axes
  6185 | D:6      | Reached skill level 6 in Fire Magic
  6293 | D:6      | Found Ces Ramm's Antique Weapon Shop.
  6300 | D:6      | Bought a scorched war axe for 153 gold pieces
  6300 | D:6      | Identified the +1 war axe of Lilou {pain, rCorr} (You
                  | bought it in a shop on level 6 of the Dungeon)
  6307 | D:6      | Noticed a steam dragon
  6319 | D:6      | Killed a steam dragon
  6320 | D:6      | Reached XP level 8. HP: 50/70 MP: 1/13
  6589 | D:6      | Reached skill level 6 in Fighting
  6685 | D:6      | Reached skill level 5 in Armour
  6685 | D:6      | Reached skill level 4 in Spellcasting
  6761 | D:6      | Found Kihihax's Magic Scroll Boutique.
  6769 | D:6      | Bought a scroll of identify for 24 gold pieces
  6775 | D:6      | Found Ten Ruag's Weapon Emporium.
  6930 | D:6      | Found Karoq's Distillery.
  7032 | D:6      | Found Noteph's Antique Weapon Shoppe.
  7237 | D:7      | Reached skill level 7 in Axes
  7251 | D:6      | Reached skill level 7 in Fire Magic
  7579 | D:7      | Reached XP level 9. HP: 68/78 MP: 1/15
  8528 | D:6      | Bought a potion of haste for 140 gold pieces
  8579 | D:8      | Noticed Joseph
  8599 | D:8      | Found a snail-covered altar of Cheibriados.
  8609 | D:8      | Paralysed by a hornet for 3 turns
  8612 | D:8      | HP: 6/75 [wight/+3 spear (2)]
  8613 | D:8      | Slain by a hornet

Vanquished Creatures
  Grinder (D:5)
  A steam dragon (D:6)
  3 water moccasins
  3 sky beasts
  An ice beast (D:6)
  A black bear (D:7)
  An ogre (D:5)
  A phantom (D:4)
  3 bullfrogs
  2 wights (D:8)
  3 hounds
  A gnoll bouda (D:6)
  3 iguanas
  2 jellies (D:6)
  A sleepcap (D:7)
  3 orc wizards
  9 gnolls
  6 adders
  2 shadow imps (D:7)
  4 dart slugs
  14 orcs
  8 endoplasms
  2 giant cockroaches
  7 goblins
  10 hobgoblins
  3 jackals (D:3)
  9 kobolds
  A quokka (D:4)
  5 ball pythons
  6 bats
  11 frilled lizards
  5 rats (D:1)
132 creatures vanquished.

Table legend: (Time is in decaauts)
 A = Elapsed time spent in this place.
 B = Non-inter-level travel time spent in this place.
 C = Inter-level travel time spent in this place.
 D = Time resting spent in this place.
 E = Time spent auto-exploring this place.
 F = Levels seen in this place.
 G = Mean time per level.
                   A        B        C        D        E       F      G
               +--------+--------+--------+--------+--------+-----+--------+
         Total |   8653 |   8353 |    300 |   1080 |   6127 |   8 | 1081.6 |
       Dungeon |   8653 |   8353 |    300 |   1080 |   6127 |   8 | 1081.6 |
               +--------+--------+--------+--------+--------+-----+--------+

Top non-repeatable levels by time:
     D:4: 1726 daAuts
     D:5: 1633 daAuts
     D:7: 1190 daAuts
     D:6: 1144 daAuts
     D:3: 1113 daAuts
     D:2: 1039 daAuts
     D:1: 788 daAuts
     D:8: 16 daAuts

Table legend:
 A = Non-vault XP
 B = Vault XP
 C = Vault XP percentage of total XP
 D = Non-vault monster count
 E = Vault monster count
 F = Vault count percentage of total count
                 A         B        C        D         E       F
            +---------+---------+-------+---------+---------+-------
      Total |    2402 |     711 |  22.8 |      98 |      34 |  25.8
            +---------+---------+-------+---------+---------+-------
        D:1 |      26 |       6 |  18.8 |      16 |       6 |  27.3
        D:2 |      78 |       0 |   0.0 |      17 |       0 |   0.0
        D:3 |      26 |       6 |  18.8 |      13 |       3 |  18.8
        D:4 |      32 |     333 |  91.2 |      10 |      19 |  65.5
        D:5 |     432 |     366 |  45.9 |      16 |       6 |  27.3
        D:6 |    1087 |       0 |   0.0 |      13 |       0 |   0.0
        D:7 |     571 |       0 |   0.0 |      11 |       0 |   0.0
        D:8 |     150 |       0 |   0.0 |       2 |       0 |   0.0
            +---------+---------+-------+---------+---------+-------
